 Dungeon Crawl Stone Soup version 0.21.1-1-g345015f (webtiles) character file.

63 Monsterracer the Firebug (level 4, 0/27 HPs)
             Began as an Octopode Fire Elementalist on Feb 13, 2018.
             Shot with a stone by a goblin (6 damage)
             ... on level 2 of the Dungeon.
             The game lasted 00:01:11 (1287 turns).

Monsterracer the Firebug (OpFE)                     Turns: 1287, Time: 00:01:12

Health: 0/27       AC:  1    Str:  7    XL:     4   Next: 10%
Magic:  2/7        EV: 13    Int: 18    God:
Gold:   70         SH:  0    Dex: 12    Spells: 3/7 levels left

rFire    . . .     SeeInvis .   (no weapon)
rCold    . . .     Gourm    .   (no shield)
rNeg     . . .     Faith    .   (helmet restricted)
rPois    .         Spirit   .   (no amulet)
rElec    .         Reflect  .   (no ring)
rCorr    .         Harm     .   (no ring)
MR       .....                  (no ring)
Stlth    +++.......             (no ring)
HPRegen  0.09/turn              (no ring)
MPRegen  0.10/turn              (no ring)
                                (no ring)
                                (no ring)

@: no status effects
A: almost no armour, stealthy swim, amphibious, 8 rings, constrict 8, camouflage
1, gelatinous body 1
a: no special abilities


You were on level 2 of the Dungeon.
You were hungry.

You visited 1 branch of the dungeon, and saw 2 of its levels.

You collected 70 gold pieces.

Inventory:

Scrolls
 e - a scroll of teleportation {unknown}
 g - a scroll of noise {unknown}
 j - a scroll of remove curse {unknown}
Potions
 b - a potion of flight {unknown}
 d - 2 potions of haste {unknown}
 f - a potion of agility {unknown}
 h - a potion of lignification {unknown}
 i - a potion of curing {unknown}
Books
 a - a book of Flames

   Spells                             Type                      Level
   a - Flame Tongue                   Conjuration/Fire             1
   b - Throw Flame                    Conjuration/Fire             2
   c - Conjure Flame                  Conjuration/Fire             3
   d - Inner Flame                    Hexes/Fire                   3
   e - Sticky Flame                   Conjuration/Fire             4
   f - Fireball                       Conjuration/Fire             5
Comestibles
 c - 3 rations
 k - a chunk of flesh


   Skills:
 - Level 2.0 Dodging
 - Level 2.6 Stealth
 + Level 2.4 Spellcasting
 * Level 2.4 Conjurations
 * Level 3.8 Fire Magic


You had 3 spell levels left.
You knew the following spells:

 Your Spells              Type           Power        Failure   Level  Hunger
a - Flame Tongue          Conj/Fire      ##...        4%          1    #......
b - Conjure Flame         Conj/Fire      ##......     14%         3    ###....


Dungeon Overview and Level Annotations

Branches:
Dungeon (2/15)

Altars:


Innate Abilities, Weirdness & Mutations

You cannot wear most types of armour.
You are very stealthy in the water. (Stealth+)
You are amphibious.
You can wear up to eight rings at the same time.
You can use your tentacles to constrict eight enemies at once.
Your skin changes colour to match your surroundings (Stealth+).
Your rubbery body absorbs attacks. (AC +1, EV +1)


Message History

You take 1 damage, and have 19/21 hp.
You now have 3/6 mp.
Casting: Flame Tongue
Confirm with . or Enter, or press ? or * to list all spells.
Aiming: Flame Tongue
Press: ? - help, Shift-Dir - straight line, f/p - adder
Aim: an adder (almost dead)
The flame tongue hits the adder.
You kill the adder!
You now have 2/6 mp.
HP restored.
You open the door.
There is an open door here.
A worker ant comes into view.
Health restored: 21; MP restored: 6 A worker ant is nearby!
A worker ant is nearby!
A goblin comes into view.
Unknown command.
Casting: Flame Tongue
Confirm with . or Enter, or press ? or * to list all spells.
Aiming: Flame Tongue
Press: ? - help, Shift-Dir - straight line, f - worker ant
Aim: a worker ant (hasn't noticed you)
The flame tongue misses the worker ant.
The worker ant twitches its antennae in your direction.
You now have 5/6 mp.
Casting: Flame Tongue
Confirm with . or Enter, or press ? or * to list all spells.
Aiming: Flame Tongue
Press: ? - help, Shift-Dir - straight line, f/p - worker ant
Aim: a worker ant The flame tongue hits the worker ant.
The worker ant is moderately wounded.
The worker ant closely misses you.
You now have 4/6 mp.
Casting: Flame Tongue
Confirm with . or Enter, or press ? or * to list all spells.
Aiming: Flame Tongue
Press: ? - help, Shift-Dir - straight line, f/p - worker ant
Aim: a worker ant (moderately wounded)
The flame tongue hits the worker ant.
The worker ant is moderately wounded.
The worker ant bites you but does no damage.
You now have 3/6 mp.
Casting: Flame Tongue
Confirm with . or Enter, or press ? or * to list all spells.
Aiming: Flame Tongue
Press: ? - help, Shift-Dir - straight line, f/p - worker ant
Aim: a worker ant (moderately wounded)
The flame tongue hits the worker ant.
The worker ant is severely wounded.
The worker ant barely misses you.
A frilled lizard comes into view.
You now have 2/6 mp.
Casting: Flame Tongue
Confirm with . or Enter, or press ? or * to list all spells.
Aiming: Flame Tongue
Press: ? - help, Shift-Dir - straight line, f/p - worker ant
Aim: a worker ant (severely wounded)
The flame tongue hits the worker ant.
The worker ant is almost dead.
The frilled lizard hisses angrily.
The worker ant barely misses you.
You now have 1/6 mp.
Casting: Flame Tongue
Confirm with . or Enter, or press ? or * to list all spells.
Aiming: Flame Tongue
Press: ? - help, Shift-Dir - straight line, f/p - worker ant
Aim: a worker ant (almost dead)
The flame tongue misses the worker ant.
The goblin shouts!
The worker ant bites you.
The goblin wields a hunting sling.
The goblin shoots a stone.
The stone hits you.
A rat comes into view.
You take 9 damage, and have 12/21 hp.
MASSIVE DAMAGE!!
You now have 0/6 mp.
The worker ant closely misses you.
You tentacle-slap the worker ant but do no damage.
You grab the worker ant.
The worker ant is almost dead.
You constrict the worker ant, but do no damage.
The worker ant bites you!
* * * LOW HITPOINT WARNING * * *
You take 7 damage, and have 5/21 hp.
MASSIVE DAMAGE!!
You tentacle-slap the worker ant but do no damage.
You kill the worker ant!
You have reached level 4!
You regained 2 hp, and now have 7/27 hp.
There is an open door here.
You found a teleport trap!
You are feeling hungry.
You see here an adder corpse.
You see here an adder corpse.
You butcher the adder corpse.
The frilled lizard closely misses you.
You see here a chunk of flesh.
k - a chunk of flesh The frilled lizard bites you.
* * * LOW HITPOINT WARNING * * *
You take 2 damage, and have 6/27 hp.
The goblin shoots a stone.
The stone hits you.
You die...

.. .... ###..# ##########....
..#..############....^.......
..#................g.........
..#.>...........@.l.......#
............##.##.........#
.......^....##.##.........#
............##+#######'####
...<........#...# #.##
#.#'#+####'##...# #..#
..#.#.# #.# ...# ##l# ###.#.#
#.##...# #.......r ....#.#
#.#....# .........


You could see a goblin and a frilled lizard.

Vanquished Creatures
  A worker ant (D:2)
  An adder (D:2)
  2 dart slugs
  2 leopard geckos (D:1)
  3 bats (D:1)
  3 giant cockroaches
  6 hobgoblins (D:1)
  4 frilled lizards
  2 goblins (D:1)
  A kobold (D:1)
  A rat (D:1)
26 creatures vanquished.

Notes
Turn   | Place    | Note
-------+----------+-------------------------------------------
     0 | D:1      | Monsterracer the Octopode Fire Elementalist began the quest for the Orb.
     0 | D:1      | Reached XP level 1. HP: 11/11 MP: 3/3
   183 | D:1      | Reached XP level 2. HP: 14/17 MP: 5/5
   856 | D:1      | Reached XP level 3. HP: 21/21 MP: 4/6
   861 | D:1      | Learned a level 3 spell: Conjure Flame
  1272 | D:2      | HP: 5/21 [worker ant (7)]
  1273 | D:2      | Reached XP level 4. HP: 7/27 MP: 0/7
  1284 | D:2      | HP: 6/27 [frilled lizard (2)]
  1287 | D:2      | Shot with a stone by a goblin

Skill      XL: |  1  2  3 |
---------------+----------+-----
Conjurations   | 2 |  2.4
Dodging        | |  2.0
Stealth        | |  2.6
Spellcasting   | |  2.4
Fire Magic     | |  3.8

Action                   |  1- 3 |  4- 6 || total
-------------------------+-------+-------++-------
Melee: Unarmed           |    18 |       ||    18
       Constrict         |     4 |       ||     4
       Tentacles         |     4 |       ||     4
 Cast: Flame Tongue      |    44 |       ||    44
  Eat: Chunk             |     1 |       ||     1
Armor: Skin              |     3 |       ||     3
Dodge: Dodged            |    25 |     1 ||    26

Vault maps used:
D:1:      nzn_arrival_water_spiral
